Map: Catalyst LE

Players

OnlySentries

  • Race: Protoss Protoss
  • League: Diamond
  • Spawn Location: 11:00

Ktosiek - Winner!

  • Race: Terran Terran
  • Spawn Location: 5:00

VOD

Have the link to the VOD?

Description

Time

  • Played on: July 25, 2018, 4:33 p.m.
  • Length: 10:45
Show
View Real Time Build Order
Export as new Build Order

OnlySentries Protoss 

Build Orders: 1 Gate Expand, Double Forge, Blink Stalkers 

Get SALT Encoding   

  12  0:01  Probe  
  13  0:13  Probe  
  14  0:17  Pylon  
  14  0:24  Probe  
  15  0:32  Probe  
  15  0:39  Gateway  
  15  0:40  Probe  
  16  0:49  Assimilator  
  17  0:52  Probe  
  18  1:04  Probe  
  19  1:17  Probe  
  20  1:27  Nexus  
  20  1:35  Cybernetics Core  
  20  1:39  Probe  
  21  1:43  Assimilator  
  21  1:51  Probe  
  22  1:58  Pylon  
  22  2:03  Probe  
  22  2:06  Stalker  
  23  2:12  Warp Gate  
  25  2:26  Probe  
  26  2:37  Twilight Council  
  26  2:38  Probe  
  26  2:50  Stalker  
  26  2:54  Probe  
  26  2:57  Probe  
  30  3:02  Blink  
  30  3:07  Probe  
  30  3:09  Probe  
  32  3:14  Stalker  
  32  3:19  Probe  
  35  3:31  Gateway  
  35  3:32  Gateway  
  35  3:38  Stalker  
  35  3:43  Probe x2  
  39  3:55  Probe x2  
  41  4:02  Pylon  
  41  4:07  Forge  
  41  4:10  Forge  
  41  4:12  Probe x2  
  44  4:24  Probe  
  44  4:28  Probe  
  44  4:30  Protoss Ground Weapons Level 1  
  45  4:34  Protoss Ground Armor Level 1  
  45  4:36  Probe  
  46  4:43  Robotics Facility  
  46  4:50  Probe x2  
  46  4:51  Charge  
  48  4:56  Stalker, Pylon  
  50  5:00  Assimilator  
  50  5:02  Probe  
  51  5:20  Gateway  
  51  5:21  Gateway  
  51  5:24  Probe, Gateway  
  51  5:25  Probe  
  51  5:26  Sentry  
  51  5:27  Pylon  
  55  5:28  Pylon  
  55  5:44  Immortal, Pylon  
  55  5:46  Pylon  
  59  5:51  Shield Battery x2  
  59  6:18  Probe  
  60  6:21  Gateway  
  60  6:23  Warp Prism  
  62  6:25  Gateway  
  62  6:32  Zealot x4  
  68  6:37  Zealot x2  
  72  6:42  Nexus  
  72  7:00  Zealot x4  
  72  7:01  Zealot x2  
  82  7:10  Templar Archives  
  82  7:24  Zealot x4  
  82  7:25  Zealot x3  
  74  7:34  Protoss Ground Armor Level 2  
  62  7:39  Zealot  
  58  7:44  Zealot  
  58  7:45  Zealot x4  
  64  8:04  High Templar x3  
  64  8:05  High Templar  
  72  8:06  Protoss Ground Weapons Level 2  
  72  8:07  Probe x3  
  72  8:08  Archon  
  72  8:09  Archon  
  72  8:11  Zealot  
  77  8:13  High Templar  
  77  8:19  Probe x3  
  82  8:31  Probe x3  
  85  8:35  Psionic Storm  
  85  8:36  Pylon  
  85  8:40  Zealot  
  87  8:43  Probe x2  
  87  8:48  Pylon  
  89  9:12  Robotics Facility  
  89  9:14  Zealot x2  
  89  9:15  Zealot x3  
  99  9:22  Zealot x3  
  75  9:39  Zealot x4  
  75  9:40  Zealot  
  75  9:44  Zealot x3  
  75  10:00  Zealot x2  
  75  10:01  Zealot x3  
  67  10:07  Zealot  
  67  10:08  Zealot  
  57  10:22  Zealot x4  
  57  10:23  Zealot  
  65  10:40  Zealot x2  
Show
View Real Time Build Order
Export as new Build Order

Ktosiek Terran - Winner!

Build Orders: MMM Bio 

Get SALT Encoding   

  12  0:00  SCV  
  13  0:13  SCV  
  14  0:17  Supply Depot  
  14  0:25  SCV  
  15  0:29  Refinery  
  15  0:39  SCV  
  16  0:46  Barracks  
  16  0:51  SCV  
  17  1:03  SCV  
  18  1:15  SCV  
  20  1:33  Reaper  
  20  1:34  Orbital Command  
  20  1:57  Command Center  
  20  2:02  SCV  
  21  2:10  Barracks  
  21  2:11  Barracks Reactor  
  21  2:20  SCV  
  22  2:24  Supply Depot  
  22  2:32  SCV  
  23  2:46  SCV  
  24  2:52  Marine x2  
  24  2:58  SCV  
  27  3:00  Barracks Tech Lab  
  27  3:03  Refinery  
  27  3:04  Factory  
  27  3:10  Orbital Command, SCV  
  28  3:15  Marine x2  
  30  3:20  Stimpack  
  30  3:22  Marine  
  30  3:25  SCV  
  32  3:33  Marine  
  32  3:34  Marine  
  34  3:36  SCV  
  34  3:37  SCV  
  36  3:41  Marine  
  37  3:48  SCV  
  37  3:49  Starport, Factory Reactor  
  37  3:51  Marine  
  37  3:52  SCV  
  37  3:53  Marine  
  41  4:00  Supply Depot, SCV  
  42  4:04  Marine  
  42  4:05  Supply Depot  
  43  4:10  SCV  
  43  4:13  Marine x2  
  46  4:19  Refinery  
  46  4:22  Marine, SCV  
  47  4:34  Factory Tech Lab  
  47  4:36  Marine x2  
  49  4:40  SCV  
  50  4:47  Engineering Bay  
  50  4:51  SCV, Engineering Bay  
  50  4:52  SCV  
  52  4:57  Marine x2, Supply Depot  
  52  4:58  Marine  
  52  4:59  Medivac x2, Supply Depot  
  59  5:01  Siege Tank  
  62  5:19  Marine  
  62  5:20  SCV  
  64  5:23  Marine x2, Combat Shields  
  66  5:29  Missile Turret  
  66  5:31  Missile Turret  
  66  5:33  Siege Tank  
  66  5:35  Medivac  
  71  5:46  SCV x2  
  71  5:47  Marine x3  
  76  5:57  Barracks  
  76  5:58  Barracks, SCV  
  76  6:00  Barracks  
  77  6:05  Marine  
  77  6:10  Marine  
  78  6:27  Marine x2, SCV x2  
  78  6:28  Marine  
  83  6:33  Terran Infantry Weapons Level 1  
  83  6:34  Terran Infantry Armor Level 1  
  83  6:39  SCV  
  84  6:41  SCV  
  84  6:43  Command Center  
  84  6:44  Marine  
  84  6:45  Supply Depot, Refinery  
  84  6:46  Supply Depot  
  86  6:47  Barracks Reactor  
  86  6:48  Barracks Tech Lab  
  86  6:57  Marine x2  
  86  7:06  Marine x3  
  86  7:07  SCV  
  90  7:15  Marine x2  
  91  7:24  Marine x3  
  85  7:35  Marine x4  
  69  7:52  Marine x3  
  69  7:53  Marine  
  71  8:04  Marine, Marauder  
  73  8:05  Medivac  
  73  8:06  Medivac, Siege Tank  
  73  8:08  Marine  
  73  8:11  Marauder  
  83  8:14  SCV x2  
  83  8:18  Orbital Command  
  85  8:24  Marine  
  85  8:25  Marine x3  
  85  8:26  SCV  
  90  8:28  Armory, Concussive Shells, Marauder  
  90  8:30  Marine  
  90  8:32  Marauder  
  95  8:34  SCV  
  95  8:35  Medivac  
  95  8:37  Supply Depot  
  95  8:38  SCV, Siege Tank  
  95  8:40  Supply Depot  
  102  8:41  Supply Depot  
  102  8:47  Barracks  
  102  8:50  Barracks Tech Lab, Marauder  
  102  8:51  Marine x4, Barracks  
  102  8:53  Marine  
  109  9:09  Marine  
  110  9:12  Marine, Marauder x3  
  117  9:18  Marine x2  
  109  9:37  Marine, Marauder x2  
  111  9:43  Marine, Marauder  
  111  9:47  Marine x4  
  112  9:55  Marine  
  112  9:59  Marauder x2  
  113  10:01  Marine  
  113  10:04  Marine  
  113  10:05  Marauder  
  109  10:07  Marine  
  109  10:08  Marine x2  
  109  10:13  Marine  
  106  10:18  Marine  
  106  10:19  SCV x2  
  106  10:20  SCV, Marauder x2  
  117  10:22  Marine  
  117  10:25  Marine  
Tags
 
Add a new tag
Caveats
  • Supply blocks, unpowered buildings, or Contaminate may cause inaccurate times.
  • Supply counts are checked every 10 seconds.